 Dungeon Crawl Stone Soup version 0.26.1-2-gb8aa6d0cf2 (webtiles) character file.

Game seed: 11801770242380269011

525 kaldamae the Ducker (level 7, 53/54 HPs)
             Began as a Pale Draconian Gladiator on Mar 30, 2021.
             Got out of the dungeon alive.
             The game lasted 00:09:57 (3844 turns).

kaldamae the Ducker (Pale Draconian Gladiator)      Turns: 3844, Time: 00:09:58

Health: 53/54      AC:  9    Str: 14 (15) XL:     7   Next: 2%
Magic:  7/7        EV: 15    Int:  6 (8)  God:
Gold:   203        SH:  4    Dex: 14      Spells: 6/6 levels left

rFire    . . .     SeeInvis .   p - +0 long sword (vamp)
rCold    . . .     Faith    .   d - +0 buckler
rNeg     + . .     Spirit   +   (armour unavailable)
rPois    .         Reflect  .   b - +0 hat
rElec    .         Harm     .   k - +0 cloak
rCorr    .         Rampage  .   j - +1 pair of gloves
Will     .....                  (no boots)
Stlth    +.........             q - amulet of guardian spirit
HPRegen  0.18/turn              n - ring of positive energy
MPRegen  0.10/turn              (no ring)

@: no status effects
A: breathe steam, unfitting armour, talons 1, frail 1, weak 1, evolution 1,
cold-blooded, AC +6
a: Breathe Steam


You escaped.
You visited 1 branch of the dungeon, and saw 4 of its levels.

You collected 203 gold pieces.

Inventory:

Hand Weapons
 a - a +0 long sword
 p - a +0 vampiric long sword (weapon)
Missiles
 c - 2 throwing nets (quivered)
 r - 21 poisoned darts
Armour
 b - a +0 hat (worn)
 d - a +0 buckler (worn)
 j - a +1 pair of gloves (worn)
 k - a +0 cloak (worn)
Jewellery
 n - a ring of positive energy (left hand)
 q - an amulet of guardian spirit (around neck)
 v - a +4 ring of evasion {unknown}
Scrolls
 e - 5 scrolls of teleportation {unknown}
 f - a scroll of enchant armour {unknown}
 g - 2 scrolls of identify {unknown}
 h - 3 scrolls of random uselessness {unknown}
 i - a scroll of blinking {unknown}
 o - a scroll of fog {unknown}
 s - a scroll of enchant weapon {unknown}
 t - a scroll of remove curse {unknown}
Potions
 l - a potion of mutation
 x - a potion of might {unknown}


   Skills:
 + Level 5.1 Fighting
 - Level 3.0 Long Blades
 - Level 1.7 Throwing
 + Level 5.5 Dodging
 + Level 2.6 Shields


You had 6 spell levels left.
You didn't know any spells.
Your spell library was empty.

Dungeon Overview and Level Annotations

Branches:
Dungeon (4/15)
 Temple: D:4-7

Altars:
Uskayaw
Xom
Zin
The Shining One


Innate Abilities, Weirdness & Mutations

You can breathe blasts of scalding, opaque steam.
Your pale cyan-grey scales are hard. (AC +6)
You cannot fit into any form of body armour.
You are cold-blooded and may be slowed by cold attacks.
You have sharp toenails.
You are frail. (-10% HP)
You are weak. (Str -2)
You evolve.


Message History

There is a stone staircase leading up here.
You climb upwards.
There is a stone staircase leading down here.
You climb downwards.
There is a stone staircase leading up here.
You climb upwards.
There is a stone staircase leading down here.
Found a glowing golden altar of the Shining One.
There is a stone staircase leading down here.
You climb downwards.
There is a stone staircase leading up here.
There is a stone staircase leading up here.
You climb upwards.
There is a stone staircase leading down here.
There is a stone staircase leading up here.
You climb upwards.
There is a stone staircase leading down here.
There is a staircase leading out of the dungeon here.
Are you sure you want to leave the Dungeon?
This will make you lose the game!
You have escaped!

.......##.....#.#.....#...#
#.#
.......##.....#.###.###.###
#.#
#####'###.....#.#.....#...#
#.# )# #.#
#.....#.#.#######.###.#
.####.###.....#...#
#.....#.#
..............#####
#.###.#.# ..###.##.....##.#
#...#.#.# #.#
#.##.######.## #####.#.#.#
#.###.##.# #.@# #...#.#.#.#
#..##.##.#
#.#####.#.###.#[#
##.##.##.#
#...#...#.....#.# #.##.##.#
###.#.#.###.###.# #..#.##.#
#...#...#.....# ##.#.##>#
#######.#####.# ###.#.##.#
#.#####.# ......##.#
#.......# ####..##.#
#########


There were no monsters in sight!

Vanquished Creatures
  Blork the orc (D:4)
  A centaur zombie (D:4)
  3 orc priests
  3 orc wizards (D:4)
  A worker ant (D:4)
  7 gnolls (D:3)
  6 adders
  An ooze (D:1)
  4 worms
  2 dart slugs (D:1)
  11 orcs
  6 giant cockroaches
  7 goblins
  6 hobgoblins
  3 jackals (D:3)
  7 kobolds
  2 quokkas
  A ball python (D:3)
  8 bats
  6 frilled lizards
  9 rats
95 creatures vanquished.

Notes
Turn   | Place    | Note
-------+----------+-------------------------------------------
     0 | D:1      | kaldamae the Draconian Gladiator began the quest for the
                  | Orb.
     0 | D:1      | Reached XP level 1. HP: 17/17 MP: 1/1
   271 | D:1      | Reached XP level 2. HP: 14/25 MP: 2/2
   669 | D:1      | Reached XP level 3. HP: 30/30 MP: 3/3
  1193 | D:2      | Found a hide-covered altar of Uskayaw.
  1362 | D:2      | Found a shimmering altar of Xom.
  1604 | D:2      | Reached XP level 4. HP: 38/38 MP: 4/4
  2383 | D:3      | Reached XP level 5. HP: 35/46 MP: 2/5
  2395 | D:3      | Reached skill level 1 in Shields
  3232 | D:3      | Found a glowing silver altar of Zin.
  3458 | D:4      | Reached XP level 6. HP: 48/53 MP: 4/6
  3562 | D:4      | Reached skill level 5 in Dodging
  3578 | D:4      | Noticed Blork the orc
  3589 | D:4      | Killed Blork the orc
  3620 | D:4      | Gained mutation: You evolve. [potion of mutation]
  3620 | D:4      | Gained mutation: You are frail. (-10% HP) [potion of
                  | mutation]
  3620 | D:4      | Gained mutation: You are weak. (Str -2) [potion of
                  | mutation]
  3620 | D:4      | Gained mutation: You have sharp toenails. [potion of
                  | mutation]
  3624 | D:4      | Reached skill level 5 in Fighting
  3646 | D:4      | Your scales start taking on a pale cyan-grey colour.
  3646 | D:4      | Reached XP level 7. HP: 17/54 MP: 2/7
  3716 | D:2      | Found a glowing golden altar of the Shining One.
  3844 | D:$      | Got out of the dungeon alive.

Illustrated notes

Levels and vault maps discovered:
D:1:      elethiomel_arrival_maze, layout_basic
D:2:      layout_basic, lemuel_doored_altar, nicolae_overflow_hidden_temple,
          lemuel_round_altar
D:3:      layout_basic, zin_scriptorium, minmay_randomly_rotated_circles
D:4:      layout_cave_pools, old_standard_altar, vehumet_altar_wand_db,
          portal_sewer_entry_b, minmay_misc_feat_roman, uniq_blork_the_orc,
          uniq_sigmund

Skill      XL: |  1  2  3  4  5  6 |
---------------+-------------------+-----
Dodging        | 3 4 5 |  5.5
Fighting       | 3 4 5 |  5.1
Shields        | 1 2 |  2.6
Long Blades    | |  3.0
Throwing       | |  1.7

Action                   |  1- 3 |  4- 6 |  7- 9 || total
-------------------------+-------+-------+-------++-------
Melee: Long sword        |   104 |   209 |       ||   313
       Tailslap          |    11 |    45 |       ||    56
       Kick              |       |     5 |       ||     5
Throw: Throwing net      |       |     1 |       ||     1
  Use: Potion            |       |     4 |       ||     4
 Stab: Sleeping          |       |     1 |       ||     1
Armor: Skin              |    29 |    82 |       ||   111
Dodge: Dodged            |    70 |   169 |       ||   239
Block: Buckler           |    13 |    46 |       ||    59
       Rpst.: Long sword |    21 |    56 |       ||    77
